 Dungeon Crawl Stone Soup version 0.31-a0-237-g2d982f9f85 (webtiles) character file.

Game seed: 5340201965483274438

134831 Anon1729 the Spry (level 16, -12/150 HPs)
             Began as a Minotaur Monk on July 11, 2023.
             Was the Champion of Uskayaw.
             Blown up by an orb spider (67 damage)
             ... with an orb of destruction
             ... on level 1 of the Spider Nest.
             The game lasted 00:18:16 (25134 turns).

Anon1729 the Spry (Minotaur Monk)                  Turns: 25134, Time: 00:18:17

Health: -12/150    AC: 14    Str: 22    XL:     16   Next: 63%
Magic:  24/24      EV: 28    Int:  7    God:    Uskayaw [******]
Gold:   1398       SH:  0    Dex: 20    Spells: 15/15 levels left

rFire   + . .        J - +2 short sword "Jaobaru" {drain, rElec rPois rF+}
rCold   + . .        d - orb {light}
rNeg    + . .        W - +3 troll leather armour of Twilight {rElec Regen+ Str+5 Stlth+}
rPois   +            (helmet restricted)
rElec   +            Y - +0 cloak "Fumec" {Fly rPois rN+ Stlth-}
rCorr   .            y - +1 pair of gloves of Hozyqef {rC+}
SInv    .            (no boots)
Will    +....        E - amulet of faith
Stlth   ++           e - +5 ring of evasion
HPRegen 1.25/turn    r - +4 ring of slaying
MPRegen 0.19/turn

%: faith
@: flying, glowing, studying Dodging
A: horns 2, retaliatory headbutt
a: Renounce Religion, Stomp, Line Pass, Grand Finale


You were on level 1 of the Spider Nest.
You worshipped Uskayaw.
Uskayaw was pleased with you.
You visited 5 branches of the dungeon, and saw 24 of its levels.
You also visited: Gauntlet.

You collected 2520 gold pieces.
You spent 1122 gold pieces at shops.

Inventory:

Hand Weapons
 F - a +0 dagger of electrocution
 J - the +2 short sword "Jaobaru" (weapon) {drain, rElec rPois rF+}
   (You found it on level 8 of the Dungeon)

   rF:        It protects you from fire.
   rElec:     It insulates you from electricity.
   rPois:     It protects you from poison.
Missiles
 t - 3 throwing nets
Armour
 d - an orb of light (worn)
 y - the +1 pair of gloves of Hozyqef (worn) {rC+}
   (You found it on level 4 of the Dungeon)

   rC:        It protects you from cold.
 K - +0 acid dragon scales
 W - the +3 troll leather armour of Twilight (worn) {rElec Regen+ Str+5 Stlth+}
   (You bought it in a shop on level 2 of the Orcish Mines)

   Str:       It affects your strength (+5).
   rElec:     It insulates you from electricity.
   Regen:     It increases your rate of health regeneration.
   Stlth:     It makes you more stealthy.
 Y - the +0 cloak "Fumec" (worn) {Fly rPois rN+ Stlth-}
   (You found it on level 2 of the Lair of Beasts)

   rPois:     It protects you from poison.
   rN:        It protects you from negative energy.
   Fly:       It grants you flight.
   Stlth:     It makes you less stealthy.
Jewellery
 a - the ring of Xotwityts {rPois Dex+3}
   (You found it in a Gauntlet)

   [ring of poison resistance]

   Dex:       It affects your dexterity (+3).
   rPois:     It protects you from poison.
 b - a +6 ring of strength
 e - a +5 ring of evasion (left hand)
 i - a +6 ring of strength
 r - a +4 ring of slaying (right hand)
 C - a +6 ring of dexterity
 E - an amulet of faith (around neck)
 N - a ring of fire
 O - a ring of fire
 S - a ring of protection from cold
 Z - a ring of see invisible
Wands
 l - a wand of polymorph (13)
 x - a wand of flame (7)
 M - a wand of charming (14)
 T - a wand of iceblast (6)
 X - a wand of acid (13)
Scrolls
 f - 7 scrolls of teleportation
 g - 4 scrolls of enchant weapon
 k - 2 scrolls of poison
 n - 3 scrolls of immolation
 p - 4 scrolls of vulnerability
 u - a scroll of summoning
 v - a scroll of amnesia
 w - 7 scrolls of blinking
 G - 3 scrolls of fog
 H - a scroll of brand weapon
 I - 4 scrolls of revelation
Potions
 c - 2 potions of ambrosia
 h - 2 potions of invisibility {unknown}
 m - 4 potions of heal wounds
 o - 4 potions of berserk rage
 q - 3 potions of mutation
 s - 2 potions of lignification {unknown}
 z - 4 potions of brilliance
 A - a potion of enlightenment {unknown}
 D - 8 potions of curing
 L - 3 potions of attraction
 Q - 3 potions of cancellation {unknown}
 R - 2 potions of haste {unknown}
 U - 3 potions of might
Miscellaneous
 j - a phantom mirror
 B - a condenser vane
 P - a box of beasts
 V - a phial of floods


   Skills:
 + Level 15.7 Fighting
 + Level 14.3 Short Blades
 + Level 15.1 Armour
 + Level 15.7 Dodging
 + Level 11.5 Stealth
 + Level 12.5 Invocations


You had 15 spell levels left.
You didn't know any spells.
Your spell library contained the following spells:

 Spells                   Type           Power      Damage    Failure   Level
 Magic Dart               Conj           0%         1d3       45%         1
 Summon Small Mammal      Summ           0%         N/A       45%         1
 Ensorcelled Hibernation  Hex/Ice        0%         N/A       61%         2
 Poisonous Vapours        Pois/Air       0%         N/A       61%         2
 Scorch                   Fire           0%         2d5       61%         2
 Searing Ray              Conj           0%         2d4       61%         2
 Call Canine Familiar     Summ           0%         N/A       83%         3
 Mephitic Cloud           Conj/Pois/Air  0%         N/A       83%         3
 Spider Form              Tmut/Pois      0%         N/A       83%         3
 Summon Guardian Golem    Hex/Summ       0%         N/A       83%         3
 Volatile Blastmotes      Fire/Tloc      0%         2d10      83%         3
 Anguish                  Hex/Necr       0%         N/A       99%         4
 Flame Wave               Conj/Fire      0%         2d4       99%         4
 Fulminant Prism          Conj/Hex       0%         3d5       99%         4
 Iskenderun's Mystic Bla  Conj/Tloc      0%         2d3       99%         4
 Freezing Cloud           Conj/Ice/Air   0%         6-21      100%        5
 Lee's Rapid Deconstruct  Erth           0%         3d4*      100%        5
 Summon Cactus Giant      Summ           0%         N/A       100%        6
 Orb of Destruction       Conj           0%         9d5       100%        7
 Spellforged Servitor     Conj/Summ      0%         N/A       100%        7


Dungeon Overview and Level Annotations

Branches:
Dungeon (15/15)            Temple (1/1) D:6            Lair (5/5) D:11
 Shoals (0/4) Lair:3       Spider (1/4) Lair:3        Slime (0/5) Lair:5
    Orc (2/2) D:10            Elf (0/3) Orc:2        Vaults (0/5) D:14
 Depths (0/4) D:15        Gauntlet (visited)

Altars:
Ashenzari
Cheibriados
Dithmenos
Elyvilon
Fedhas
Gozag
Hepliaklqana
Kikubaaqudgha
Makhleb
Nemelex Xobeh
Okawaru
Qazlal
Ru
Sif Muna
Trog
Uskayaw
Vehumet
Wu Jian
Xom
Yredelemnul
Zin
The Shining One
Jiyva

Shops:
D:9 (   D:11 [   D:12 *   Orc:2 [?[:

Portals:
Trove: D:10 (give 6 scrolls of blinking)

Annotations:
D:6 3 runed translucent doors, Vorhees's ghost, novice DjEn


Innate Abilities, Weirdness & Mutations

You have a pair of horns on your head.
You reflexively headbutt those who attack you in melee.


Message History

You hit the demonic crawler.
The demonic crawler is moderately wounded.
The demonic crawler hits you. The demonic crawler misses you.
The demonic crawler barely misses you. The demonic crawler misses you.
The demonic crawler completely misses you. x2
You barely miss the demonic crawler.
The demonic crawler is moderately wounded.
The demonic crawler misses you. x2
The demonic crawler completely misses you.
You hit the demonic crawler.
The demonic crawler is moderately wounded.
The demonic crawler misses you. x2
The demonic crawler completely misses you.
You barely miss the demonic crawler.
The demonic crawler is moderately wounded.
The demonic crawler hits you but does no damage.
The demonic crawler completely misses you.
The demonic crawler hits you.
The demonic crawler closely misses you. x2
The demonic crawler completely misses you.
Uskayaw prepares the audience for your solo!
The helpless demonic crawler fails to defend itself.
You perforate the demonic crawler like a sieve!!!!
You kill the demonic crawler!
The demonic crawler is no longer sharing its pain.
The helpless demonic crawler fails to defend itself.
You spit the demonic crawler like a pig!!!!
You kill the demonic crawler!
The pharaoh ant is no longer paralysed.
The pharaoh ant misses you.
Things that are here:
a redback corpse; a culicivora corpse; a wolf spider corpse You hit the pharaoh ant.
The pharaoh ant is lightly damaged.
The orb spider is no longer paralysed.
The orb spider weaves a glowing orb of energy.
The pharaoh ant completely misses you. You furiously retaliate!
You headbutt the pharaoh ant!
An orb of destruction comes into view.
The pharaoh ant misses you. The orb of destruction hits you!!!
You die...

..#...#.####.....
.##..†####.##...#
.#..†.......##..######
###.........##..#....#
#####
##.................##
##....
#.....##...s○......#
##.....
##.....###..○###..##
#...... ###.#.#
#..B○.#...## ##..†..
##### ##.#@†#....#
##..... ######....#
#....#.
###...######..##.
##....##.#.##...#.
##....##.........#.
#....##.......[..#.
##...##........###
##...##...†..##.#
#.....##...#..###


You could see an orb spider and a pharaoh ant.

Vanquished Creatures
  3 sphinxes (D:11)
  A fire giant (D:11)
  An emperor scorpion (Spider:1)
  A frost giant (D:11)
  The ghost of vianneychevalier the Peltast, a journeyman MiFi of Makhleb (Lair:4)
  2 orc warlords (Orc:2)
  2 very ugly things (D:15)
  Azrael (D:14)
  2 minotaurs
  2 spark wasps (Spider:1)
  3 rakshasas
  9 hydras
  Harold (D:9)
  Fannar (D:10)
  An ogre mage (D:15)
  2 catoblepae
  Erolcha (Orc:2)
  The ghost of MirrMurr the Skirmisher, a journeyman SpHu of Okawaru (Lair:2)
  Erica (D:11)
  9 two-headed ogres
  3 boulder beetles
  5 centaur warriors
  A deep troll earth mage (D:11)
  5 death yaks (Lair:5)
  2 orc high priests (Orc:2)
  7 tengu warriors
  2 demonic crawlers (Spider:1)
  Urug (Lair:4)
  A skyshark (Lair:5)
  A sixfirhy (Gauntlet)
  A pharaoh ant (Spider:1)
  A fire crab (Lair:5)
  9 skeletal warriors
  An orb spider (Spider:1)
  A glowing orange brain (D:15)
  A glowing orange brain (shapeshifter) (D:15)
  3 harpies (Lair:3)
  8 orc knights
  Pikel (D:9)
  3 large abominations (Gauntlet)
  3 wolf spiders (Spider:1)
  7 cyclopes
  8 orc sorcerers
  3 manticores
  34 ugly things
  16 elephants
  3 black mambas
  A gargoyle (D:11)
  11 cane toads
  Psyche (D:11)
  A rime drake (Lair:4)
  An efreet (D:15)
  3 komodo dragons
  3 tengu conjurers
  3 kobold demonologists (D:9)
  7 polar bears (Lair:5)
  6 trolls
  A meliai (Lair:3)
  6 hornets
  6 blink frogs
  2 tarantellas (Spider:1)
  8 saltlings (Orc:2)
  9 dream sheep
  The ghost of Tenar the Digger, an amateur OpEE (D:3)
  5 jumping spiders (Spider:1)
  2 culicivoras (Spider:1)
  16 spriggans
  A shadow (D:11)
  3 vampires
  7 wyverns
  48 yaks
  12 slime creatures
  A wraith (D:12)
  A culicivora (shapeshifter) (D:11)
  3 fire elementals (D:14)
  4 basilisks
  9 vampire mosquitoes
  15 redbacks (Spider:1)
  3 swamp worms (Gauntlet)
  A warg (Orc:2)
  3 acid dragons (D:10)
  18 water moccasins
  5 hell hounds (D:14)
  20 orc warriors
  An ice beast (D:7)
  5 black bears
  26 wolves (Lair:5)
  3 boggarts (Lair:5)
  8 ogres
  7 centaurs
  2 phantoms (D:6)
  3 lemures (D:9)
  2 kobold brigands
  4 small abominations (Gauntlet)
  11 bullfrogs
  4 scorpions
  2 gnoll sergeants
  9 wights
  9 killer bees
  2 electric eels
  4 hounds
  A lava snake (Lair:4)
  2 quasits (D:3)
  7 orc priests
  2 jellies (D:5)
  A sleepcap (D:5)
  Jessica (D:3)
  An iguana (D:6)
  13 orc wizards
  8 gnolls
  11 adders
  A shadow imp (D:7)
  2 ufetubi (Gauntlet)
  3 worms
  3 dart slugs
  55 orcs
  10 ball pythons
  6 endoplasms
  6 giant cockroaches
  7 goblins
  7 hobgoblins
  9 kobolds
  2 quokkas (D:3)
  7 bats
  4 frilled lizards
  9 rats
703 creatures vanquished.

Vanquished Creatures (collateral kills)
  2 jumping spiders (Spider:1)
  A culicivora (Spider:1)
  A redback (Spider:1)
4 creatures vanquished.

Vanquished Creatures (others)
  A boulder beetle (Spider:1)
  2 slime creatures (D:14)
3 creatures vanquished.

Grand Total: 710 creatures vanquished

Notes
Turn   | Place    | Note
-------+----------+-------------------------------------------
     0 | D:1      | Anon1729 the Minotaur Monk began the quest for the Orb.
     0 | D:1      | Reached XP level 1. HP: 19/19 MP: 0/0
   264 | D:1      | Reached XP level 2. HP: 27/27 MP: 1/1
   404 | D:1      | Reached skill level 1 in Armour
   690 | D:1      | Reached XP level 3. HP: 28/33 MP: 2/2
  1299 | D:3      | Reached skill level 1 in Stealth
  1321 | D:3      | Reached skill level 1 in Invocations
  1412 | D:3      | Noticed Jessica
  1418 | D:3      | Killed Jessica
  1419 | D:3      | Reached XP level 4. HP: 27/40 MP: 3/3
  1622 | D:3      | Found a transporter.
  1628 | D:3      | Noticed Tenar's ghost (amateur OpEE)
  1663 | D:3      | Found a transporter.
  2017 | D:3      | Reached XP level 5. HP: 41/47 MP: 5/5
  2133 | D:4      | Found an ornate altar of the Wu Jian Council.
  2343 | D:4      | Identified the +1 pair of gloves of Hozyqef {rC+}
  2733 | D:5      | Entered Level 5 of the Dungeon
  2912 | D:5      | Reached XP level 6. HP: 17/53 MP: 6/6
  3214 | D:5      | Reached skill level 5 in Fighting
  3344 | D:5      | Reached XP level 7. HP: 13/61 MP: 6/8
  3346 | D:5      | HP: 2/61 [ogre/+0 giant club (12)]
  3687 | D:5      | Reached skill level 5 in Dodging
  4266 | D:6      | Reached skill level 5 in Short Blades
  4413 | D:6      | Found a sparkling altar of Nemelex Xobeh.
  4415 | D:6      | Found a bloodstained altar of Trog.
  4419 | D:6      | Found a stormy altar of Qazlal.
  4422 | D:6      | Found a broken altar of Ashenzari.
  4422 | D:6      | Found a snail-covered altar of Cheibriados.
  4544 | D:6      | Reached XP level 8. HP: 70/70 MP: 9/9
  4560 | D:6      | Found a staircase to the Ecumenical Temple.
  4818 | D:6      | Found a runed translucent gate.
  4819 | D:6      | Found a runed translucent gate.
  4819 | D:6      | Found a runed translucent gate.
  4820 | D:6      | Noticed Vorhees's ghost (novice DjEn)
  4846 | Temple   | Entered the Ecumenical Temple
  4982 | Temple   | Became a worshipper of Uskayaw the Reveller
  4982 | Temple   | Reached * piety under Uskayaw
  5027 | D:6      | Reached ** piety under Uskayaw
  5272 | D:6      | Reached skill level 5 in Armour
  5509 | D:3      | Reached *** piety under Uskayaw
  5510 | D:3      | Killed Tenar's ghost
  5878 | D:7      | Reached XP level 9. HP: 75/78 MP: 11/11
  5878 | D:7      | Reached **** piety under Uskayaw
  6110 | D:7      | Reached ***** piety under Uskayaw
  6897 | D:8      | Reached skill level 5 in Invocations
  7365 | D:8      | Identified the +2 short sword "Jaobaru" {drain, rElec rPois
                  | rF+}
  8054 | D:9      | Reached skill level 5 in Stealth
  8158 | D:9      | Reached XP level 10. HP: 75/88 MP: 13/13
  8178 | D:9      | Reached ****** piety under Uskayaw
  8248 | D:9      | Noticed a two-headed ogre
  8255 | D:9      | Killed a two-headed ogre
  8355 | D:9      | Found a hazy altar of Hepliaklqana.
  8355 | D:9      | Found a radiant altar of Vehumet.
  8367 | D:9      | Noticed a soul eater
  8386 | D:9      | Noticed a rust devil
  8532 | D:9      | Noticed Pikel
  8542 | D:9      | Killed Pikel
  8687 | D:9      | Reached XP level 11. HP: 97/97 MP: 14/14
  8707 | D:9      | Noticed Harold
  8724 | D:9      | Killed Harold
  9031 | D:9      | Found Waween's Weapon Boutique.
  9104 | D:10     | Entered Level 10 of the Dungeon
  9255 | D:10     | Found a staircase to the Orcish Mines.
  9357 | D:10     | Noticed a two-headed ogre
  9364 | D:10     | Killed a two-headed ogre
  9708 | D:10     | Reached skill level 10 in Fighting
  9746 | D:10     | Noticed a two-headed ogre
  9773 | D:10     | Killed a two-headed ogre
  9976 | D:10     | Noticed Fannar
  9986 | D:10     | Killed Fannar
  9991 | D:10     | Found a portal to a secret trove of treasure.
 10536 | D:11     | Found Comul's Antique Armour Shoppe.
 10549 | D:11     | Noticed Erica
 10551 | D:11     | Noticed a skeletal warrior
 10551 | D:11     | Noticed a skeletal warrior
 10551 | D:11     | Noticed a skeletal warrior
 10552 | D:11     | Noticed a skeletal warrior
 10557 | D:11     | Killed Erica
 10561 | D:11     | Killed a skeletal warrior
 10566 | D:11     | Killed a skeletal warrior
 10572 | D:11     | Killed a skeletal warrior
 10573 | D:11     | Reached XP level 12. HP: 45/107 MP: 7/16
 10766 | D:11     | Noticed Psyche
 10766 | D:11     | Noticed a two-headed ogre
 10770 | D:11     | Killed Psyche
 10774 | D:11     | Killed a two-headed ogre
 10842 | D:11     | Found a staircase to the Lair.
 11019 | D:11     | Reached skill level 10 in Armour
 11027 | D:11     | Noticed a sphinx
 11035 | D:11     | Killed a sphinx
 11085 | D:11     | Noticed a sphinx
 11094 | D:11     | Killed a sphinx
 11095 | D:11     | Reached skill level 10 in Short Blades
 11095 | D:11     | Reached skill level 10 in Dodging
 11259 | D:11     | Noticed an eight-headed hydra
 11269 | D:11     | Killed an eight-headed hydra
 11394 | D:11     | Noticed a sphinx
 11406 | D:11     | Killed a sphinx
 11484 | D:11     | Noticed a fire giant
 11497 | D:11     | Killed a fire giant
 11769 | D:11     | Noticed a centaur warrior
 11783 | D:11     | Killed a centaur warrior
 11802 | D:11     | Noticed a frost giant
 11827 | D:11     | Killed a frost giant
 12277 | D:11     | Noticed a four-headed hydra
 12281 | D:11     | Killed a four-headed hydra
 12284 | D:11     | Noticed a boulder beetle
 12291 | D:11     | Killed a boulder beetle
 12292 | D:11     | Noticed a deep troll earth mage
 12310 | D:11     | Killed a deep troll earth mage
 12311 | D:11     | Reached XP level 13. HP: 73/117 MP: 18/18
 12313 | D:11     | Identified the staff of the Boar {Contam rElec rC+ Dex+3
                  | Ice}
 12813 | D:12     | Found Vaolejute's Assorted Antiques.
 12822 | D:12     | Bought a scroll labelled VIPSAM ULUIH for 31 gold pieces
 14616 | D:14     | Noticed Azrael
 14632 | D:14     | Killed Azrael
 16001 | D:14     | Found a gate to the Vaults.
 16141 | D:14     | Reached skill level 10 in Invocations
 16144 | D:14     | Reached XP level 14. HP: 102/127 MP: 20/20
 16361 | Lair:1   | Entered Level 1 of the Lair of Beasts
 16493 | Lair:1   | Identified the +1 robe "Jas Fiwa" {Regen+ Str+3}
 17008 | Lair:2   | Noticed MirrMurr's ghost (journeyman SpHu)
 17199 | Lair:2   | Found a runed translucent door.
 17471 | Lair:2   | Identified the +0 cloak "Fumec" {Fly rPois rN+ Stlth-}
 17760 | Lair:2   | Killed MirrMurr's ghost
 18203 | Lair:3   | Found a staircase to the Shoals.
 18259 | Lair:3   | Found a hole to the Spider Nest.
 19058 | Lair:4   | Noticed vianneychevalier's ghost (journeyman MiFi)
 19070 | Lair:4   | Found a runed translucent gate.
 19070 | Lair:4   | Found a runed translucent gate.
 19070 | Lair:4   | Found a runed translucent gate.
 19085 | Lair:4   | Noticed Urug
 19099 | Lair:4   | Killed Urug
 19575 | Lair:4   | Killed vianneychevalier's ghost
 19673 | Lair:5   | Entered Level 5 of the Lair of Beasts
 19767 | Lair:5   | Reached skill level 10 in Stealth
 19788 | Lair:5   | Reached XP level 15. HP: 28/137 MP: 7/22
 19889 | Lair:5   | Found a gate leading to a gauntlet.
 19903 | Gauntlet | Entered a Gauntlet
 19903 | Gauntlet | Found a transporter.
 19903 | Gauntlet | Found a transporter.
 19903 | Gauntlet | Found a transporter.
 19923 | Gauntlet | Found a transporter.
 19926 | Gauntlet | Found a transporter.
 19934 | Gauntlet | Found a transporter.
 19937 | Gauntlet | Found a transporter.
 19945 | Gauntlet | Found a transporter.
 19965 | Gauntlet | Found a transporter.
 19987 | Gauntlet | Found a transporter.
 19988 | Gauntlet | Found a transporter.
 19999 | Gauntlet | Found a transporter.
 20206 | Gauntlet | Identified the ring of Xotwityts {rPois Dex+3}
 21015 | Lair:5   | Found a viscous altar of Jiyva.
 21015 | Lair:5   | Found a staircase to the Slime Pits.
 21496 | Orc:1    | Entered Level 1 of the Orcish Mines
 21543 | Orc:2    | Entered Level 2 of the Orcish Mines
 21581 | Orc:2    | Noticed Erolcha
 21595 | Orc:2    | Killed Erolcha
 21842 | Orc:2    | Found a staircase to the Elven Halls.
 22487 | Orc:2    | Found Voangit's Book Emporium.
 22507 | Orc:2    | Found Doaraem's Magic Scroll Boutique.
 22523 | Orc:2    | Found Wajemeud's Antique Armour Boutique.
 22586 | Orc:2    | Bought a fine buckler for 256 gold pieces
 22586 | Orc:2    | Identified the +0 buckler "Damnable Contraption" {Harm rN+
                  | Dex+3} (You bought it in a shop on level 2 of the Orcish
                  | Mines)
 22594 | Orc:2    | Bought a scroll of enchant weapon for 75 gold pieces
 22616 | Orc:2    | Found Kalaowke's Antique Armour Shop.
 22644 | Orc:2    | Bought a faintly humming troll leather armour for 760 gold
                  | pieces
 22644 | Orc:2    | Identified the +3 troll leather armour of Twilight {rElec
                  | Regen+ Str+5 Stlth+} (You bought it in a shop on level 2 of
                  | the Orcish Mines)
 22970 | Orc:1    | Paralysed by an orc sorcerer for 5 turns
 23526 | D:15     | Entered Level 15 of the Dungeon
 23677 | D:15     | Reached skill level 15 in Fighting
 23677 | D:15     | Reached XP level 16. HP: 146/149 MP: 23/23
 24045 | D:15     | Found a staircase to the Depths.
 24396 | D:15     | Reached skill level 15 in Dodging
 24832 | Spider:1 | Entered Level 1 of the Spider Nest
 24964 | Spider:1 | Reached skill level 15 in Armour
 25134 | Spider:1 | Blown up by an orb spider

Illustrated notes

Levels and vault maps discovered:
D:1:      lemuel_arrival_cross, layout_basic, minmay_pentomino_x2
D:2:      layout_rooms
D:3:      layout_rooms, gammafunk_ghost_stat_death, minivault_19,
          minmay_joined_circles, uniq_jessica
D:4:      layout_basic, mainiacjoe_overflow_catwalk, minmay_puff
D:5:      layout_basic
D:6:      layout_basic, grunt_temple_overflow_open, temple_fountains,
          ebering_ghost_rock_garden, kennysheep_potato
D:7:      layout_cave_pods, nicolae_twisty_statue_hallways
D:8:      nicolae_moon_pools, layout_basic, nicolae_underground_beach
D:9:      layout_irregular_city, mainiacjoe_overflow_large_starburst,
          serial_shops, nicolae_shop_back_alley_shop, uniq_pikel, uniq_harold
D:10:     layout_loops_ring, orc_0_dummy, nicolae_trove_entry_columns,
          nzn_life_drinkers, uniq_fannar
D:11:     minmay_box_of_curves, layout_basic, grunt_lair_entry_orc_guard_hut,
          serial_shops, shop, dk_noncrumbling_4, minmay_misc_feat_encased,
          uniq_erica, uniq_psyche
D:12:     layout_basic, serial_shops, shop, minmay_curled_crystal
D:13:     layout_loops_ring
D:14:     layout_rooms, david_vaults_1, kennysheep_doodads,
          portal_ice_cave_entry_pillars_1, uniq_azrael
D:15:     gammafunk_enter_depths_forms, layout_loops_corners, minmay_liquid_box
Temple:   nicolae_temple_superstar
Lair:1:   layout_cave_shapes
Lair:2:   layout_big_grid, hellmonk_ghost_happy_afterlife,
          grunt_forest_large_clearing_hut, grunt_megastairs_3
Lair:3:   layout_cellular_growth, nicolae_shoals_entry_roost,
          hellmonk_spider_entry_not_the_bees, st_stairs_4
Lair:4:   layout_gridlike, maelrawn_ghost_gauntlet_escape, uniq_urug
Lair:5:   minmay_lair_end_enchanted_forest, layout_big_grid,
          dpeg_slime_entry_enclosed, gauntlet_entry_generic
Spider:1: nicolae_spider_hilbert_zone_4 [nicolae_spider_hilbert_4_sides_2_open,
          nicolae_spider_hilbert_4_sides_1_open,
          nicolae_spider_hilbert_4_sides_1_open,
          nicolae_spider_hilbert_4_sides_1_open,
          nicolae_spider_hilbert_4_sides_1_open,
          nicolae_spider_hilbert_2_sides_1_open,
          nicolae_spider_hilbert_2_sides_1_open,
          nicolae_spider_hilbert_2_sides_1_open,
          nicolae_spider_hilbert_2_sides_1_open,
          nicolae_spider_hilbert_6_sides_1_open,
          nicolae_spider_hilbert_6_sides_1_open,
          nicolae_spider_hilbert_3_sides_1_open,
          nicolae_spider_hilbert_3_sides_1_open], uniq_josephine, uniq_donald
Orc:1:    layout_diamond_mine, nicolae_orc_rich_vein
Orc:2:    hellmonk_orc_salted, layout_diamond_mine, uniq_erolcha

Skill      XL: |  1  2  3  4  5  6  7  8  9 10 11 12 13 14 15 16 |
---------------+-------------------------------------------------+-----
Armour         | 1 2 3 4 5 7 8 9 11 12 13 14 15 | 15.1
Fighting       | 4 5 6 8 9 10 11 12 13 15 | 15.7
Stealth        | 1 2 3 4 5 6 7 8 9 10 11 | 11.5
Invocations    | 1 2 3 4 5 6 7 8 10 11 12 | 12.5
Dodging        | 4 5 6 7 8 9 10 11 12 14 15 | 15.7
Short Blades   | 4 5 6 7 8 9 10 11 12 13 14 | 14.3

Action                     |  1- 3 |  4- 6 |  7- 9 | 10-12 | 13-15 | 16-18 || total
---------------------------+-------+-------+-------+-------+-------+-------++-------
  Melee: Short sword       |    88 |   136 |   226 |   405 |  1161 |   314 ||  2330
         Headbutt          |    19 |    33 |    78 |   156 |   414 |   122 ||   822
         Dagger            |       |       |    62 |       |       |       ||    62
         Unarmed           |       |       |       |    11 |       |       ||    11
 Invoke: Line Pass         |       |       |     1 |     2 |     1 |       ||     4
         Grand Finale      |       |       |       |     1 |     4 |       ||     5
         Stomp             |       |       |       |       |     6 |       ||     6
  Evoke: Wand              |       |     2 |     6 |       |       |     2 ||    10
    Use: Scroll            |       |       |    10 |       |    15 |     1 ||    26
         Potion            |       |       |       |       |     1 |     3 ||     4
   Stab: Sleeping          |     1 |       |       |     2 |     3 |     1 ||     7
         Paralysed         |       |       |    10 |    42 |   111 |    23 ||   186
         Confused          |       |       |       |     2 |       |       ||     2
 Armour: Robe              |     8 |    28 |    25 |    15 |    69 |       ||   145
         Acid dragon scale |       |       |       |    30 |    58 |       ||    88
         Troll leather arm |       |       |       |       |    17 |    31 ||    48
  Dodge: Dodged            |    52 |   152 |   243 |   256 |   876 |   228 ||  1807

Table legend: (Time is in decaauts)
 A = Elapsed time spent in this place.
 B = Non-inter-level travel time spent in this place.
 C = Inter-level travel time spent in this place.
 D = Time resting spent in this place.
 E = Time spent auto-exploring this place.
 F = Levels seen in this place.
 G = Mean time per level.
                   A        B        C        D        E       F      G
               +--------+--------+--------+--------+--------+-----+--------+
         Total |  24104 |  22079 |   2025 |   1759 |  16836 |  25 |  964.2 |
       Dungeon |  17027 |  15694 |   1333 |   1681 |  11907 |  15 | 1135.1 |
        Temple |    148 |    123 |     25 |      0 |    100 |   1 |  148.0 |
          Lair |   4418 |   3911 |    507 |     78 |   3089 |   5 |  883.6 |
   Spider Nest |    246 |    246 |      0 |      0 |    111 |   1 |  246.0 |
  Orcish Mines |   1814 |   1657 |    157 |      0 |   1325 |   2 |  907.0 |
      Gauntlet |    449 |    449 |      0 |      0 |    304 |   1 |  449.0 |
               +--------+--------+--------+--------+--------+-----+--------+

Top non-repeatable levels by time:
    D:11: 1903 daAuts
    D:13: 1725 daAuts
     D:5: 1509 daAuts
     D:8: 1427 daAuts
    D:10: 1389 daAuts
    D:14: 1375 daAuts
   Orc:2: 1149 daAuts
  Lair:5: 1059 daAuts
    D:15: 1049 daAuts
     D:6: 1044 daAuts
     D:9: 1021 daAuts
     D:7: 956 daAuts
  Lair:3: 944 daAuts
     D:1: 920 daAuts
  Lair:2: 873 daAuts
